 Dungeon Crawl Stone Soup version 0.24-a0-278-gefa1973 (webtiles) character file.

Game seed: 6107867475967448739

195 Gorice the Skirmisher (level 5, -2/47 HPs)
             Began as a Gnoll Wanderer on Apr 30, 2019.
             Slain by Sigmund
             ... wielding a +0 scythe
              (4 damage)
             ... on level 4 of the Dungeon.
             The game lasted 00:13:36 (2381 turns).

Gorice the Skirmisher (Gnoll Wanderer)              Turns: 2381, Time: 00:13:37

Health: -2/47      AC:  9    Str: 13    XL:     5   Next: 74%
Magic:  9/9        EV:  6    Int: 14    God:
Gold:   62         SH:  0    Dex: 17    Spells: 10/10 levels left

rFire    + . .     SeeInvis .   a - +0 quarterstaff
rCold    + . .     Gourm    .   (shield currently unavailable)
rNeg     . . .     Faith    .   s - +0 chain mail
rPois    .         Spirit   .   (no helmet)
rElec    .         Reflect  .   n - scarf {rC+ rF+}
rCorr    .         Harm     .   g - +0 pair of gloves
MR       .....                  (no boots)
Stlth    ..........             (no amulet)
HPRegen  0.15/turn              (no ring)
MPRegen  0.11/turn              (no ring)

@: berserk cooldown, slowed, lightly drained, very slow
A: distributed training, fangs 1, strong nose
a: no special abilities


You were on level 4 of the Dungeon.
You were not hungry.

You visited 1 branch of the dungeon, and saw 4 of its levels.

You collected 62 gold pieces.

Inventory:

Hand Weapons
 a - a +0 quarterstaff (weapon)
 e - a +0 dagger
 r - a +0 blowgun
 t - a +2 short sword of draining
   (You took it off an orc on level 3 of the Dungeon)
Missiles
 q - 52 sling bullets
 Y - 9 stones (quivered)
 Z - 2 throwing nets {!f}
Armour
 d - a +0 robe
 g - a +0 pair of gloves (worn)
 l - a +0 ring mail
 n - a scarf of resistance (worn)
   (You found it on level 1 of the Dungeon)
 s - a +0 chain mail (worn)
Jewellery
 j - an uncursed ring of see invisible
Scrolls
 c - 2 scrolls of remove curse
Potions
 b - a potion of curing
 h - 3 potions of flight
 k - a potion of brilliance {unknown}
 m - a potion of heal wounds {unknown}
 o - a potion of invisibility {unknown}
 p - 2 potions of degeneration {unknown}
Comestibles
 f - 14 rations


   Skills:
 + Level 6.7(6.5) Fighting
 + Level 1.6(1.3) Short Blades
 + Level 1.6(1.3) Long Blades
 + Level 1.6(1.3) Axes
 + Level 1.6(1.3) Maces & Flails
 + Level 1.6(1.3) Polearms
 + Level 3.0(2.8) Staves
 + Level 1.6(1.3) Slings
 + Level 1.6(1.3) Bows
 + Level 1.6(1.3) Crossbows
 + Level 1.6(1.3) Throwing
 + Level 1.6(1.3) Armour
 + Level 1.6(1.3) Dodging
 + Level 4.4(4.2) Stealth
 + Level 1.6(1.3) Shields
 + Level 1.6(1.3) Unarmed Combat
 + Level 3.2(3.0) Spellcasting
 + Level 1.2(1.0) Conjurations
 + Level 1.2(1.0) Hexes
 + Level 1.2(1.0) Charms
 + Level 1.2(1.0) Summonings
 + Level 1.2(1.0) Necromancy
 + Level 2.4(2.2) Translocations
 + Level 1.2(1.0) Transmutations
 + Level 1.2(1.0) Fire Magic
 + Level 1.2(1.0) Ice Magic
 + Level 2.4(2.2) Air Magic
 + Level 1.2(1.0) Earth Magic
 + Level 1.2(1.0) Poison Magic
 + Level 1.8(1.5) Invocations
 + Level 3.0(2.8) Evocations


You had 10 spell levels left.
You didn't know any spells.
Your spell library contained the following spells:

 Spells                   Type           Power        Failure   Level  Hunger
 Shock                    Conj/Air       #...         98%         1    #......
 Swiftness                Chrm/Air       #.......     99%         2    ##.....
 Static Discharge         Conj/Air       #.......     100%        3    ###....
 Airstrike                Air            #.........   100%        4    #####..
 Lightning Bolt           Conj/Air       #.........   100%        5    ######.


Dungeon Overview and Level Annotations

Branches:
Dungeon (4/15)
 Temple: D:4-7

Altars:
Cheibriados
Vehumet

Shops:
D:4 =

Annotations:
D:3 vpUX: 2 orc priests w wiz
D:4 Sigmund


Innate Abilities, Weirdness & Mutations

Your experience applies equally to all skills.
You have very sharp teeth.
Your uncanny sense of smell can sniff out nearby items.


Message History

You barely miss the orc.
The orc is almost dead.
You feel sick. The orc barely misses you. Something hits you.
Damage: 6 (max 7)
Okay, then.
You feel better. The orc hits you but does no damage.
Press: ? - help, v - describe, . - travel The floor.
Unknown command.
A red film seems to cover your vision as you go berserk!
You feel yourself moving faster!
You feel mighty! Something hits you but does no damage.
You hit the orc but do no damage. You bite the orc.
You kill the orc!
Something hits you but does no damage.
Items here: )) [[ †† Your chain mail prevents you from hitting something.
You miss something. Something hits you but does no damage.
You closely miss something. Something hits you.
Damage: 5 (max 5)
You sock something! You closely miss something.
You hear some strange, mumbled words.
Something tries to affect you, but you resist.
You closely miss something. You miss something. Something hits you!
* * * LOW HITPOINT WARNING * * *
Damage: 9 (max 9)
You barely miss something. You closely miss something.
You hear some strange, mumbled words.
Something tries to affect you, but you resist.
You closely miss something. Your bite misses something. Something hits you!
* * * LOW HITPOINT WARNING * * *
Damage: 7 (max 9)
You sock something! You sock something! Something hits you.
* * * LOW HITPOINT WARNING * * *
Damage: 5 (max 9)
You barely miss something.
You are no longer berserk.
You are exhausted.
You feel yourself slow down. Something hits you.
* * * LOW HITPOINT WARNING * * *
Damage: 4 (max 9)
You miss something. Something hits you.
* * * LOW HITPOINT WARNING * * *
Damage: 3 (max 9)
You closely miss something. Something hits you.
You die...

##.#..#..##....#.........
#####..#.####....#........
####.###.....................
.......>.....................
##......#...8.#..........#.[.
........#.....##.#.#.........
..$..a.##..#...###....###.##.
........#a##∩{........#....##
..#......#@#.##..# #.##.##
..#..o...#.#... .#..#..#.##
.......##.#8# ..# ..........
......... .#.# ### ##.#.####.
....##... .#.. ......... $...
........# .#.#..#... ...
.......... #. # #... .#
......##... . ...... #...
#......


There were no monsters in sight!

Vanquished Creatures
  An orc priest (D:4)
  A centaur skeleton (D:4)
  2 worker ants (D:4)
  A worm (D:2)
  3 dart slugs
  2 leopard geckos
  6 orcs
  5 bats
  5 giant cockroaches
  13 hobgoblins
  9 jackals (D:2)
  8 frilled lizards
  5 goblins
  4 kobolds
  5 rats
70 creatures vanquished.

Notes
Turn   | Place    | Note
-------+----------+-------------------------------------------
     0 | D:1      | Gorice the Gnoll Wanderer began the quest for the Orb.
     0 | D:1      | Gorice set off with the following items: a +0 quarterstaff,
                  | a potion of curing, a +0 robe, a +0 dagger, a ration; and
                  | the following spell memorised: Shock; and the following
                  | spells available to memorise: Swiftness, Static Discharge,
                  | Airstrike, Lightning Bolt
     0 | D:1      | Reached XP level 1. HP: 23/23 MP: 4/4
    92 | D:1      | Reached skill level 2 in Translocations
    92 | D:1      | Reached skill level 2 in Air Magic
   131 | D:1      | Reached XP level 2. HP: 28/29 MP: 5/5
   603 | D:1      | Reached XP level 3. HP: 33/35 MP: 7/7
   883 | D:2      | Reached skill level 1 in Invocations
   988 | D:2      | Reached skill level 1 in Short Blades
   988 | D:2      | Reached skill level 1 in Long Blades
   988 | D:2      | Reached skill level 1 in Axes
   988 | D:2      | Reached skill level 1 in Maces & Flails
   988 | D:2      | Reached skill level 1 in Polearms
   988 | D:2      | Reached skill level 1 in Slings
   988 | D:2      | Reached skill level 1 in Bows
   988 | D:2      | Reached skill level 1 in Crossbows
   988 | D:2      | Reached skill level 1 in Throwing
   988 | D:2      | Reached skill level 1 in Armour
   988 | D:2      | Reached skill level 1 in Dodging
   988 | D:2      | Reached skill level 1 in Shields
   988 | D:2      | Reached skill level 1 in Unarmed Combat
  1074 | D:2      | Found a radiant altar of Vehumet.
  1113 | D:2      | Reached XP level 4. HP: 40/41 MP: 8/8
  1717 | D:3      | Found a faded altar of an unknown god.
  1770 | D:3      | Reached skill level 3 in Spellcasting
  1983 | D:3      | Found a snail-covered altar of Cheibriados.
  2107 | D:4      | Reached skill level 1 in Conjurations
  2107 | D:4      | Reached skill level 1 in Hexes
  2107 | D:4      | Reached skill level 1 in Charms
  2107 | D:4      | Reached skill level 1 in Summonings
  2107 | D:4      | Reached skill level 1 in Necromancy
  2107 | D:4      | Reached skill level 1 in Transmutations
  2107 | D:4      | Reached skill level 1 in Fire Magic
  2107 | D:4      | Reached skill level 1 in Ice Magic
  2107 | D:4      | Reached skill level 1 in Earth Magic
  2107 | D:4      | Reached skill level 1 in Poison Magic
  2154 | D:4      | Reached XP level 5. HP: 26/47 MP: 9/9
  2300 | D:4      | Found Inulapt's Jewellery Boutique.
  2337 | D:4      | Reached skill level 3 in Staves
  2337 | D:4      | Reached skill level 3 in Evocations
  2349 | D:4      | Noticed Sigmund
  2373 | D:4      | HP: 21/70 [something (10)]
  2378 | D:4      | HP: 9/70 [something (5)]
  2380 | D:4      | HP: 2/47 [something (4)]
  2381 | D:4      | Slain by Sigmund

Levels and vault maps discovered:
D:1:      dpeg_arrival_boxorama, layout_loops_cross, minivault_26
D:2:      layout_rooms, vehumet_crystals
D:3:      layout_basic, first_ration, chequers_ecumenical_altar_twisty,
          chequers_arboretum, kennysheep_slug_shrine
D:4:      minmay_octagon_keep, layout_cave_pools, serial_shops, shop,
          shop_statue, hangedman_abyss_or_decor_passed, uniq_sigmund

Skill      XL: |  1  2  3  4  5 |
---------------+----------------+-----
Translocations | 2 |  2.4
Air Magic      | 2 |  2.4
Invocations    | 1 |  1.8
Short Blades   | 1 |  1.6
Long Blades    | 1 |  1.6
Axes           | 1 |  1.6
Maces & Flails | 1 |  1.6
Polearms       | 1 |  1.6
Slings         | 1 |  1.6
Bows           | 1 |  1.6
Crossbows      | 1 |  1.6
Throwing       | 1 |  1.6
Armour         | 1 |  1.6
Dodging        | 1 |  1.6
Shields        | 1 |  1.6
Unarmed Combat | 1 |  1.6
Spellcasting   | 3 |  3.2
Conjurations   | 1 |  1.2
Hexes          | 1 |  1.2
Charms         | 1 |  1.2
Summonings     | 1 |  1.2
Necromancy     | 1 |  1.2
Transmutations | 1 |  1.2
Fire Magic     | 1 |  1.2
Ice Magic      | 1 |  1.2
Earth Magic    | 1 |  1.2
Poison Magic   | 1 |  1.2
Staves         | 3 |  3.0
Evocations     | 3 |  3.0
Fighting       | |  6.7
Stealth        | |  4.4

Action                   |  1- 3 |  4- 6 || total
-------------------------+-------+-------++-------
Melee: Quarterstaff      |   109 |   107 ||   216
       Bite              |     9 |     6 ||    15
Throw: Stone             |     3 |     7 ||    10
  Use: Scroll            |     4 |     3 ||     7
       Potion            |       |     2 ||     2
 Stab: Sleeping          |     6 |       ||     6
  Eat: Chunk             |     1 |     4 ||     5
Armor: Robe              |     2 |       ||     2
       Ring mail         |    50 |    10 ||    60
       Chain mail        |       |    44 ||    44
Dodge: Dodged            |    63 |    43 ||   106

Table legend:
 A = Non-vault XP
 B = Vault XP
 C = Vault XP percentage of total XP
 D = Non-vault monster count
 E = Vault monster count
 F = Vault count percentage of total count
                 A         B        C        D         E       F
            +---------+---------+-------+---------+---------+-------
      Total |     275 |       4 |   1.4 |      69 |       1 |   1.4
            +---------+---------+-------+---------+---------+-------
        D:1 |      40 |       0 |   0.0 |      22 |       0 |   0.0
        D:2 |      57 |       0 |   0.0 |      28 |       0 |   0.0
        D:3 |      21 |       4 |  16.0 |      12 |       1 |   7.7
        D:4 |     157 |       0 |   0.0 |       7 |       0 |   0.0
            +---------+---------+-------+---------+---------+-------

Table legend:
 A = Turns spent in this place as a percentage of turns spent in the entire game.
 B = Non-inter-level travel turns spent in this place as a percentage of non-inter-level travel turns spent in the entire game.
 C = Inter-level travel turns spent in this place as a percentage of turns spent in this place.
 D = Turns resting spent in this place as a percentage of non-inter-level travel turns spent in this place.
 E = Turns spent auto-exploring this place as a percentage of non-inter-level travel turns spent in this place.
 F = Non-inter-level travel turns spent in this place divided by the number of levels of this place that you've seen.
                   A       B       C       D       E      F
               +-------+-------+-------+-------+-------+----------------------
         Total | 100.0 | 100.0 |   3.6 |  12.8 |  38.1 | 573.8
       Dungeon | 100.0 | 100.0 |   3.6 |  12.8 |  38.1 | 573.8
               +-------+-------+-------+-------+-------+----------------------

Levels and vault maps discovered:
D:1:      dpeg_arrival_boxorama, layout_loops_cross, minivault_26
D:2:      layout_rooms, vehumet_crystals
D:3:      layout_basic, first_ration, chequers_ecumenical_altar_twisty,
          chequers_arboretum, kennysheep_slug_shrine
D:4:      minmay_octagon_keep, layout_cave_pools, serial_shops, shop,
          shop_statue, hangedman_abyss_or_decor_passed, uniq_sigmund
